 Dungeon Crawl Stone Soup version 0.21.0-3-g78d12a8 (console) character file.

289104 nht the Demonic Blade (level 19, -7/146 HPs)
             Began as a Demonspawn Berserker on Jan 11, 2018.
             Was the Champion of Trog.
             Splashed by a deep elf sorcerer's acid (11 damage)
             ... on level 3 of the Elven Halls.
             The game lasted 01:41:26 (35433 turns).

nht the Demonic Blade (Demonspawn Berserker)       Turns: 35433, Time: 01:41:27

Health: -7/146     AC: 11    Str: 23    XL:     19   Next: 90%
Magic:  24/24      EV: 17    Int: 12    God:    Trog [******]
Gold:   1199       SH:  0    Dex: 20    Spells: 18/18 levels left

rFire    + + +     SeeInvis +   b - +10 triple sword {vamp, rPois rF+}
rCold    + . .     Gourm    .   (shield currently unavailable)
rNeg     + + .     Faith    +   z - +10 ring mail of Becsil {rN+}
rPois    +         Spirit   .   N - +2 helmet {Int+3}
rElec    .         Reflect  .   j - scarf {rC+ rF+}
rCorr    .         Harm     .   (gloves unavailable)
MR       ++...                  T - +2 pair of boots
Stlth    ++++......             F - amulet of Cimuuretes {Faith Fragile rPois SInv}
HPRegen  4.34/turn              E - ring of protection from magic
MPRegen  0.19/turn              D - ring "Boila" {rF+ Str+5 Stlth+}

@: corroded
A: claws 3, negative energy resistance 1, nightstalker 2, powered by death 2,
50% torment resistance, black mark, sturdy frame 1
}: 2/15 runes: barnacled, gossamer
a: Berserk, Trog's Hand, Brothers in Arms, Burn Spellbooks, Renounce Religion


You were on level 3 of the Elven Halls.
You worshipped Trog.
Trog was exalted by your worship.
You were hungry.

You visited 6 branches of the dungeon, and saw 34 of its levels.
You also visited: Desolation.

You collected 3463 gold pieces.
You spent 2264 gold pieces at shops.

Inventory:

Hand Weapons
 a - the +10 demon blade "Ymer" {vamp, rElec rF+}
   (Trog gifted it to you on level 2 of the Orcish Mines)

   It inflicts no extra harm, but heals its wielder when it wounds a living foe.
   It protects you from fire.
   It insulates you from electricity.
 b - the +10 triple sword of Jeykot (weapon) {vamp, rPois rF+}
   (Trog gifted it to you on level 12 of the Dungeon)

   It inflicts no extra harm, but heals its wielder when it wounds a living foe.
   It protects you from fire.
   It protects you from poison.
 X - a +8 blowgun
Missiles
 h - 4 javelins of penetration (quivered)
 q - 2 needles of confusion
 r - 16 javelins of returning
 s - 12 silver tomahawks
 t - 7 exploding tomahawks
 u - 3 silver javelins
 w - 16 poisoned needles
 I - 8 poisoned javelins
 K - 4 tomahawks of dispersal
 S - 31 tomahawks
 U - 68 javelins
 V - 3 steel javelins
 W - 21 curare-tipped needles
 Z - 5 throwing nets
Armour
 j - a scarf of resistance (worn)
 m - the +0 helmet of the Well-Known Places {rElec MR+ Regen+ Slay-5}
   (You bought it in a shop on level 13 of the Dungeon)

   It affects your accuracy and damage with ranged weapons and melee attacks
   (-5).
   It insulates you from electricity.
   It affects your resistance to hostile enchantments.
   It increases your rate of regeneration.
 z - the +10 ring mail of Becsil (worn) {rN+}
   (You found it on level 4 of the Dungeon)

   It protects you from negative energy.
 N - a +2 helmet of intelligence (worn)
 T - a +2 pair of boots (worn)
Jewellery
 v - an uncursed ring of flight
 D - the ring "Boila" (right claw) {rF+ Str+5 Stlth+}
   (You found it on level 2 of the Spider Nest)

   [ring of stealth]

   It affects your strength (+5).
   It protects you from fire.
   It makes you more stealthy.
 E - a ring of protection from magic (left claw)
 F - an amulet of Cimuuretes (around neck) {Faith Fragile rPois SInv}
   (You acquired it on level 9 of the Dungeon)

   [amulet of faith]

   It allows you to gain divine favour quickly.
   It protects you from poison.
   It lets you see invisible.
   It will be destroyed if unequipped.
 J - an uncursed ring of resist corrosion
Wands
 M - a wand of polymorph (13)
 Y - a wand of digging (13)
Scrolls
 d - 19 scrolls of remove curse
 e - 3 scrolls of magic mapping
 f - 8 scrolls of teleportation
 n - 5 scrolls of immolation
 y - 11 scrolls of blinking
 A - 6 scrolls of enchant armour
 L - 3 scrolls of identify
Potions
 g - 5 potions of haste
 i - 2 potions of heal wounds
 k - 6 potions of curing
 o - 6 potions of agility
 p - 9 potions of ambrosia
 x - 6 potions of might
 B - 5 potions of cancellation
 O - 7 potions of mutation
 Q - 3 potions of flight
 R - 4 potions of resistance
Miscellaneous
 l - a lightning rod (4/4)
 G - a lamp of fire
 P - a phial of floods
Comestibles
 c - 43 rations


   Skills:
 + Level 12.2 Fighting
 * Level 22.7 Long Blades
 - Level 16.0 Throwing
 + Level 7.4 Armour
 + Level 7.4 Dodging
 - Level 1.0 Stealth
   Level 4.0 Shields
 - Level 7.0 Evocations


You had 18 spell levels left.
You didn't know any spells.

Dungeon Overview and Level Annotations

Branches:
Dungeon (15/15)            Temple (0/1) D:4            Lair (6/6) D:8
 Shoals (4/4) Lair:2       Spider (4/4) Lair:2        Slime (0/5) Lair:6
    Orc (2/2) D:12            Elf (3/3) Orc:2        Vaults (0/5) D:13
 Depths (0/5) D:15

Altars:
Cheibriados
Dithmenos
Elyvilon
Gozag
Kikubaaqudgha
Okawaru
Ru
Zin
The Shining One
Beogh
Jiyva

Shops:
D:7 !   D:9 %}   D:10 *   D:13 *[[%%   Orc:2 [(?[   Elf:1 *   Elf:3 ?

Annotations:
Lair:4 exclusion: 5 oklob plants


Innate Abilities, Weirdness & Mutations

You have claws for hands.
You resist negative energy. (rN+)
You are significantly more attuned to the shadows.
You regenerate health from kills.
You are somewhat able to resist unholy torments (1 in 2 success).
Your melee attacks may debilitate your foes.
Your movements are slightly less encumbered by armour. (ER -2)


Message History

The deep elf sorcerer is severely wounded.
The deep elf sorcerer points at you and mumbles some strange words.
The bolt of acid hits you!
* * * LOW HITPOINT WARNING * * *
You are splashed with acid!
The acid burns!
* * * LOW HITPOINT WARNING * * *
The deep elf high priest misses you.
Unknown command.
You feel much better.
The deep elf sorcerer points at you and mumbles some strange words.
The bolt of acid hits you!
* * * LOW HITPOINT WARNING * * *
The acid corrodes you!
You are splashed with acid!
The acid burns!
* * * LOW HITPOINT WARNING * * *
The small abomination hits you but does no damage.
The deep elf sorcerer points at you and mumbles some strange words.
The bolt of acid hits you!
* * * LOW HITPOINT WARNING * * *
The acid corrodes you!
You are splashed with acid!
The acid burns!
You die... █ ██.██.████.██ █.█ ███ ██.███.█ ██.███.█ ..██ ██.██ █.█ ██.██.█ ...██ ████<██ █.█ ██.█.█ ....█ █...██ █.█ ██..█ █.███ █████

███ ███ ██.██ █.█ ██* █.█ ██..██
█.███ ███.███ █.██ █....██ ....██
*█.....██ █..███...█.█
.....███***......(████..██.█████.
.......█*,,(..)x@..(██..█.██ ██
....(..█*,,....eex..██...██ █
.......█*,,(........██..██
..e)e..█*,,..███)...██.██


████ .§1e1e.█*,,.,.......██.█ █..██ .(44..(█*,,,...)(...██.█ ██..██
(()((███,,,,........██.█ █..<.. ..e(██,,,,,,......████.█ █<...)
█e███,,,,,,,,....█* █.█████....█ ,,,,,,,,,,,,,,.██* █..........█
,,,,,,,,,,,,,,** ███████....█ You could see a deep elf sorcerer, a deep elf high
priest, a small abomination and a crawling corpse.

Vanquished Creatures
  Arachne (Spider:4)
  Rupert (D:14)
  A deep elf blademaster (Elf:2)
  A deep elf master archer (Elf:3)
  4 krakens
  The ghost of Tovarisch the Scorcher, an adept DrFE of Vehumet (Spider:3)
  Donald (Spider:4)
  Ilsuiw (Shoals:4)
  5 ghost moths
  4 imperial myrmidons (Desolation)
  3 deep elf sorcerers (Elf:3)
  A deep elf elementalist (Elf:3)
  6 emperor scorpions
  2 entropy weavers (Spider:4)
  2 deep elf annihilators (Elf:3)
  2 slime creatures (D:13)
  3 deep elf demonologists (Elf:3)
  2 spark wasps
  5 merfolk javelineers (Shoals:4)
  4 merfolk impalers (Shoals:4)
  3 crystal guardians (Desolation)
  2 deep elf death magi (Elf:3)
  8 ragged hierophants (Desolation)
  A fire dragon (D:13)
  3 deep elf high priests
  7 servants of whispers (Desolation)
  4 hydras
  3 peacekeepers (Desolation)
  4 merfolk avatars
  2 alligator snapping turtles (Shoals:4)
  2 merfolk aquamancers
  3 centaur warriors
  22 dancing weapons
  5 satyrs
  9 two-headed ogres
  An orc high priest (Orc:2)
  17 deep elf knights
  A spark wasp zombie (D:15)
  17 sea snakes
  A deep troll (D:13)
  2 skeletal warriors (D:15)
  A flayed ghost (D:15)
  2 ironbrand convokers (Desolation)
  3 unseen horrors
  A phantasmal warrior (D:13)
  4 orc knights
  2 necromancers
  6 deep elf archers
  A wizard (D:14)
  17 fauns
  16 harpies
  36 wolf spiders
  3 oklob plants (Lair:4)
  15 manticores
  12 orb spiders
  3 orc sorcerers
  5 cyclopes
  56 deep elf magi
  3 moths of wrath
  7 ugly things
  7 merfolk sirens
  8 elephants
  5 guardian serpents (Desolation)
  An ice statue (D:13)
  14 water nymphs
  4 black mambas
  8 spiny frogs
  A gargoyle (D:14)
  A molten gargoyle (Lair:5)
  6 rime drakes
  7 komodo dragons
  12 demonic crawlers
  A yaktaur skeleton (D:15)
  7 ice devils (D:13)
  A meliai (shapeshifter) (D:13)
  19 merfolk
  27 jumping spiders
  9 trolls
  2 meliai (D:14)
  9 hornets
  A polar bear (Lair:6)
  5 wind drakes
  14 hippogriffs
  5 snapping turtles
  A deep troll zombie (D:15)
  50 saltlings (Desolation)
  8 blink frogs (Lair:3)
  A meliai zombie (D:15)
  19 dream sheep
  A spriggan skeleton (D:15)
  A centaur simulacrum (D:13)
  31 tarantellas
  2 wraiths (D:15)
  10 water elementals
  3 air elementals
  88 redbacks
  33 yaks
  A shadow (D:15)
  6 wyverns
  Sigmund (D:2)
  2 fire elementals (Elf:1)
  The ghost of crawlian the Firebug, an amateur DEFE (D:4)
  3 basilisks
  A golden eye (shapeshifter) (Elf:3)
  2 vampire mosquitoes (D:15)
  2 hungry ghosts
  A steam dragon (D:13)
  Menkaure (D:4)
  8 wargs
  A soldier ant (D:12)
  10 water moccasins
  38 orc warriors
  12 porcupines
  3 sky beasts
  A black bear (D:9)
  10 ice beasts
  An eye of draining (D:9)
  7 ogres
  6 wolves (Lair:3)
  5 phantoms
  2 necrophages
  7 centaurs
  3 big kobolds
  10 crocodiles
  3 earth elementals
  19 bullfrogs
  3 wyvern skeletons
  2 scorpions
  14 killer bees
  24 wights
  3 electric eels
  2 howler monkeys
  9 crimson imps
  4 centaur zombies
  2 quasits
  8 hounds
  25 orc wizards
  5 jellies
  A gnoll shaman (D:4)
  12 orc priests
  Crazy Yiuf (D:3)
  6 centaur skeletons
  2 iguanas
  13 worker ants
  Natasha (D:2)
  Terence (D:3)
  2 hell rats (Lair:3)
  A hound zombie (D:7)
  A worker ant zombie (D:8)
  7 gnolls
  10 adders
  11 river rats
  5 shadow imps
  5 ufetubi (D:13)
  2 oozes
  2 adder skeletons
  A worm (D:6)
  4 dart slugs
  4 leopard geckos
  85 orcs
  7 bats
  6 giant cockroaches
  10 goblins
  7 hobgoblins
  3 quokkas (D:3)
  A ball python (D:5)
  7 frilled lizards
  A jackal skeleton (D:5)
  21 kobolds
  6 rats
  A crawling corpse (Elf:3)
  2 fungi
  2 plants
  8 tentacles
1309 creatures vanquished.

Vanquished Creatures (collateral kills)
  Asterion (Elf:2)
  An orc warlord (Orc:2)
  2 ragged hierophants (Desolation)
  2 servants of whispers (Desolation)
  A hydra (D:14)
  2 catoblepae (Shoals:2)
  A merfolk avatar (Shoals:2)
  3 merfolk aquamancers (Shoals:2)
  3 dancing weapons (Elf:2)
  A satyr (Shoals:2)
  2 orb spiders
  A sea snake (Lair:6)
  An ironbrand convoker (Desolation)
  3 fauns (Shoals:2)
  An orc knight (Orc:2)
  An orc sorcerer (Orc:1)
  2 manticores (Shoals:2)
  3 wolf spiders
  3 water nymphs (Shoals:2)
  2 komodo dragons (Lair:6)
  2 merfolk (Shoals:2)
  A meliai (D:14)
  A jumping spider (Spider:4)
  A wind drake (Lair:6)
  11 saltlings (Desolation)
  2 hornets (Lair:6)
  3 dream sheep (Shoals:2)
  2 redbacks (Spider:1)
  3 tarantellas
  A wyvern (Lair:6)
  A water elemental (Shoals:2)
  An orc warrior (Orc:2)
  3 orc priests
  3 orc wizards (Orc:1)
  5 orcs
  A tentacle (Shoals:4)
77 creatures vanquished.

Vanquished Creatures (others)
  A dancing weapon (Elf:2)
  A deep elf knight (Elf:2)
  A wolf spider (Spider:4)
  2 jumping spiders
  2 tarantellas
  A porcupine (Lair:4)
  A bullfrog (Lair:4)
  A jelly (Lair:3)
  An orc wizard (D:4)
  A crawling corpse (Elf:3)
  8 fungi (Lair:6)
  23 plants
  28 tentacles
71 creatures vanquished.

Grand Total: 1457 creatures vanquished

Notes
Turn   | Place    | Note
-------+----------+-------------------------------------------
     0 | D:1      | nht the Demonspawn Berserker began the quest for the Orb.
     0 | D:1      | Reached XP level 1. HP: 18/18 MP: 1/1
    67 | D:1      | Reached skill level 3 in Long Blades
   206 | D:1      | Gained mutation: You regenerate a little health from kills. [demonic ancestry]
   206 | D:1      | Reached XP level 2. HP: 24/24 MP: 2/2
   574 | D:1      | Found an iron altar of Okawaru.
   812 | D:2      | Gained mutation: You are slightly more attuned to the shadows. [demonic ancestry]
   812 | D:2      | Reached XP level 3. HP: 18/29 MP: 3/3
   894 | D:2      | Reached skill level 4 in Long Blades
   974 | D:2      | Noticed Natasha
   979 | D:2      | Killed Natasha
   979 | D:2      | Reached ** piety under Trog
  1084 | D:2      | Reached XP level 4. HP: 28/35 MP: 4/4
  1315 | D:2      | Noticed Sigmund
  1360 | D:3      | Found a white marble altar of Elyvilon.
  1361 | D:3      | Noticed Terence
  1376 | D:3      | Killed Terence
  1393 | D:3      | Reached skill level 5 in Long Blades
  1741 | D:3      | Reached XP level 5. HP: 41/41 MP: 5/5
  1888 | D:3      | Found a runed door.
  1961 | D:3      | Found an opulent altar of Gozag.
  2067 | D:3      | Found a glowing golden altar of the Shining One.
  2271 | D:3      | Noticed Crazy Yiuf
  2276 | D:3      | Killed Crazy Yiuf
  2276 | D:3      | Reached skill level 6 in Long Blades
  2379 | D:2      | Killed Sigmund
  2379 | D:2      | Gained mutation: You have sharp fingernails. [demonic ancestry]
  2379 | D:2      | Reached XP level 6. HP: 35/47 MP: 6/6
  2510 | D:4      | Reached skill level 7 in Long Blades
  2565 | D:4      | Noticed Menkaure
  2575 | D:4      | Killed Menkaure
  2575 | D:4      | Gained mutation: You regenerate health from kills. [demonic ancestry]
  2575 | D:4      | Reached XP level 7. HP: 14/52 MP: 7/7
  2612 | D:4      | Noticed crawlian's ghost (amateur DEFE)
  2664 | D:4      | Killed crawlian's ghost
  2664 | D:4      | Reached skill level 8 in Long Blades
  2734 | D:4      | Found a snail-covered altar of Cheibriados.
  2747 | D:4      | Found a staircase to the Ecumenical Temple.
  2851 | D:4      | Got a spiked ring mail
  2868 | D:4      | Found a sacrificial altar of Ru.
  3051 | D:4      | Reached *** piety under Trog
  3262 | D:4      | Identified the +10 ring mail of Becsil {rN+} (You found it on level 4 of the Dungeon)
  3274 | D:5      | Entered Level 5 of the Dungeon
  3296 | D:5      | Reached skill level 9 in Long Blades
  3296 | D:5      | Gained mutation: You have very sharp fingernails. [demonic ancestry]
  3296 | D:5      | Reached XP level 8. HP: 45/58 MP: 8/8
  3448 | D:5      | Found an ancient bone altar of Kikubaaqudgha.
  4105 | D:6      | Reached skill level 10 in Long Blades
  4730 | D:6      | Reached skill level 11 in Long Blades
  4730 | D:6      | Gained mutation: You are significantly more attuned to the shadows. [demonic ancestry]
  4730 | D:6      | Reached XP level 9. HP: 63/63 MP: 9/9
  5228 | D:7      | Found Maturch's Distillery.
  5233 | D:7      | Bought a potion of lignification for 42 gold pieces
  5233 | D:7      | Bought a potion of might for 56 gold pieces
  5233 | D:7      | Bought a potion of agility for 56 gold pieces
  5233 | D:7      | Bought a potion of might for 56 gold pieces
  5233 | D:7      | Bought a potion of heal wounds for 70 gold pieces
  5334 | D:7      | Reached **** piety under Trog
  5730 | D:7      | Noticed a two-headed ogre
  5739 | D:7      | Killed a two-headed ogre
  5739 | D:7      | Reached skill level 12 in Long Blades
  6222 | D:8      | Reached skill level 13 in Long Blades
  6395 | D:8      | Found a shadowy altar of Dithmenos.
  6441 | D:8      | Gained mutation: Your movements are slightly less encumbered by armour. (ER -2) [demonic ancestry]
  6441 | D:8      | Reached XP level 10. HP: 65/70 MP: 10/10
  6529 | D:8      | Found a glowing silver altar of Zin.
  6692 | D:8      | Found a staircase to the Lair.
  6945 | D:9      | Found Qougu's Food Emporium.
  7003 | D:9      | Noticed a two-headed ogre
  7035 | D:9      | Killed a two-headed ogre
  7128 | D:9      | Found Yjoehe's Gadget Boutique.
  7155 | D:9      | Reached skill level 14 in Long Blades
  7184 | D:9      | Reached skill level 1 in Evocations
  7214 | D:9      | Received a gift from Trog
  7495 | D:9      | Found a transporter.
  7682 | D:9      | Reached XP level 11. HP: 78/78 MP: 13/13
  8046 | D:9      | Found a transporter.
  8119 | D:9      | Got a coiled lead ring
  8146 | D:9      | Noticed a green ugly thing
  8148 | D:9      | Reached ***** piety under Trog
  8150 | D:9      | Noticed a white ugly thing
  8161 | D:9      | Killed a green ugly thing
  8169 | D:9      | Killed a white ugly thing
  8169 | D:9      | Reached skill level 5 in Fighting
  8249 | D:9      | Identified 2 scrolls of acquirement
  8257 | D:9      | Got a sparkling lead amulet
  8258 | D:9      | Identified an amulet of Cimuuretes {Faith Fragile rPois SInv} (You acquired it on level 9 of the Dungeon)
  8260 | D:9      | Identified the ring "Saunus" {Ice rPois} (You found it on level 9 of the Dungeon)
  8326 | D:10     | Entered Level 10 of the Dungeon
  8326 | D:10     | Noticed a two-headed ogre
  8332 | D:10     | Killed a two-headed ogre
  8406 | D:10     | Reached skill level 1 in Shields
  8520 | D:10     | Found Wetet's Assorted Antiques.
  9129 | D:11     | Noticed a two-headed ogre
  9137 | D:11     | Killed a two-headed ogre
  9340 | D:11     | Received a gift from Trog
  9632 | D:11     | Reached skill level 5 in Armour
  9632 | D:11     | Reached skill level 5 in Dodging
  9632 | D:11     | Reached skill level 5 in Evocations
  9678 | D:11     | Noticed a two-headed ogre
  9680 | D:11     | Killed a two-headed ogre
 10051 | D:11     | Noticed an unseen horror
 10058 | D:11     | Killed an unseen horror
 10258 | Lair:1   | Entered Level 1 of the Lair of Beasts
 10427 | Lair:1   | Gained mutation: You resist negative energy. (rN+) [demonic ancestry]
 10427 | Lair:1   | Reached XP level 12. HP: 86/88 MP: 16/16
 10845 | Lair:1   | Identified the Volume of Translocation and Black Secrets
 11387 | Lair:2   | Got a steaming ivory amulet
 11432 | Lair:2   | Identified the amulet of Baemy {RegenMP rC+ Int+5 Dex+3} (You found it on level 2 of the Lair of Beasts)
 11460 | Lair:2   | Noticed a six-headed hydra
 11469 | Lair:2   | Killed a six-headed hydra
 11535 | Lair:2   | Found a staircase to the Shoals.
 11672 | Lair:2   | Reached skill level 1 in Throwing
 11831 | Lair:2   | Found a hole to the Spider Nest.
 11831 | Lair:2   | You fall through a shaft!
 12387 | Lair:3   | Reached skill level 5 in Throwing
 12618 | Lair:3   | Received a gift from Trog
 12772 | Lair:3   | Noticed a six-headed hydra
 12775 | Lair:3   | Killed a six-headed hydra
 13252 | Lair:4   | Gained mutation: You have claws for hands. [demonic ancestry]
 13252 | Lair:4   | Reached XP level 13. HP: 95/95 MP: 17/17
 14714 | Lair:6   | Entered Level 6 of the Lair of Beasts
 14823 | Lair:6   | Reached skill level 10 in Throwing
 15145 | Lair:6   | Found a staircase to the Slime Pits.
 15145 | Lair:6   | Found a viscous altar of Jiyva.
 15179 | Lair:6   | Received a gift from Trog
 16383 | D:12     | Reached ****** piety under Trog
 16383 | D:12     | Received a gift from Trog
 17009 | D:12     | Found a staircase to the Orcish Mines.
 17214 | D:12     | Received a gift from Trog
 17215 | D:12     | Got a transparent triple sword {god gift}
 17216 | D:12     | Identified the +10 triple sword of Jeykot {vamp, rPois rF+} (Trog gifted it to you on level 12 of the Dungeon)
 17387 | Orc:1    | Entered Level 1 of the Orcish Mines
 17510 | Orc:1    | Gained mutation: You are somewhat able to resist unholy torments (1 in 2 success). [demonic ancestry]
 17510 | Orc:1    | Reached XP level 14. HP: 82/103 MP: 18/18
 17691 | Orc:2    | Entered Level 2 of the Orcish Mines
 17963 | Orc:2    | Received a gift from Trog
 17994 | Orc:2    | Noticed an orc warlord
 18012 | Orc:2    | Got a polished demon blade {god gift}
 18016 | Orc:2    | Identified the +10 demon blade "Ymer" {vamp, rElec rF+} (Trog gifted it to you on level 2 of the Orcish Mines)
 18022 | Orc:2    | Killed an orc warlord
 18083 | Orc:2    | Found a roughly hewn altar of Beogh.
 18189 | Orc:2    | Found Ofrejef's Antique Weapon Shoppe.
 18193 | Orc:2    | Found a roughly hewn altar of Beogh.
 18199 | Orc:2    | Found Xazoedil's Antique Armour Emporium.
 18210 | Orc:2    | Bought a jewelled rapier for 252 gold pieces
 18210 | Orc:2    | Identified the +6 rapier "Kicekh" {freeze, *Noise rN+ Str+7 Int-3} (You bought it in a shop on level 2 of the Orcish Mines)
 18403 | Orc:2    | Found a roughly hewn altar of Beogh.
 18417 | Orc:2    | Found Ocvuipruga's Armour Shoppe.
 18551 | Orc:2    | Received a gift from Trog
 18641 | Orc:2    | Found a roughly hewn altar of Beogh.
 18645 | Orc:2    | Found Beast's Magic Scroll Shoppe.
 18688 | Orc:2    | Bought a scroll of teleportation for 51 gold pieces
 18688 | Orc:2    | Bought a scroll of teleportation for 51 gold pieces
 18713 | Orc:2    | Found a staircase to the Elven Halls.
 18811 | Orc:2    | Found a roughly hewn altar of Beogh.
 18812 | Orc:2    | Received a gift from Trog
 18924 | Orc:1    | Found Baisiv's General Store.
 18988 | Orc:2    | Bought an encrusted troll leather armour for 520 gold pieces
 18998 | Orc:2    | Identified the +6 troll leather armour of Poor Excuses {-Tele MR++ Regen+ Str+3} (You bought it in a shop on level 2 of the Orcish Mines)
 19190 | D:7      | Bought a potion of heal wounds for 70 gold pieces
 19190 | D:7      | Bought a potion of heal wounds for 70 gold pieces
 19190 | D:7      | Bought a potion of heal wounds for 70 gold pieces
 19190 | D:7      | Bought a potion of curing for 42 gold pieces
 19366 | D:13     | Received a gift from Trog
 19367 | D:13     | Got a steaming great sword {god gift}
 19412 | D:13     | Identified the +8 great sword of Disintegration {flame, rPois Int-4 Dex+5} (Trog gifted it to you on level 13 of the Dungeon)
 19479 | D:13     | Found Lyfip's Food Shop.
 19516 | D:13     | Found Horchaan's Antique Armour Shoppe.
 19527 | D:13     | Found Emuudox's Armour Boutique.
 19703 | D:13     | Reached skill level 15 in Long Blades
 19795 | D:13     | Found Boquotog's Food Shoppe.
 19948 | D:13     | Bought a faintly glowing helmet for 285 gold pieces
 19956 | D:13     | Identified the cursed +0 helmet of the Well-Known Places {rElec MR+ Regen+ Slay-5} (You bought it in a shop on level 13 of the Dungeon)
 19970 | D:13     | Found Cotocs's General Store.
 19975 | D:13     | Bought a scroll of blinking for 105 gold pieces
 19975 | D:13     | Bought a potion of might for 56 gold pieces
 20012 | D:13     | Found a gate to the Vaults.
 20392 | D:14     | Noticed Rupert
 20409 | D:14     | Killed Rupert
 20746 | D:14     | Received a gift from Trog
 20866 | D:14     | Gained mutation: Your melee attacks may debilitate your foes. [demonic ancestry]
 20866 | D:14     | Reached XP level 15. HP: 108/108 MP: 19/19
 20997 | D:14     | Found a glowing golden altar of the Shining One.
 21255 | D:14     | Received a gift from Trog
 21287 | D:15     | Entered Level 15 of the Dungeon
 21695 | D:15     | Found a staircase to the Depths.
 22169 | Spider:1 | Entered Level 1 of the Spider Nest
 22180 | Spider:1 | Reached skill level 16 in Long Blades
 22378 | Spider:1 | Received a gift from Trog
 22757 | Spider:1 | Received a gift from Trog
 22812 | Spider:1 | Noticed a ghost moth
 22824 | Spider:1 | Killed a ghost moth
 23153 | Spider:2 | Received a gift from Trog
 23247 | Spider:2 | Reached skill level 15 in Throwing
 23342 | Spider:2 | Reached skill level 1 in Stealth
 23396 | Spider:2 | Identified the ring "Boila" {rF+ Str+5 Stlth+} (You found it on level 2 of the Spider Nest)
 23890 | Spider:3 | Noticed Tovarisch's ghost (adept DrFE)
 23932 | Spider:3 | Killed Tovarisch's ghost
 24128 | Spider:3 | Reached XP level 16. HP: 117/117 MP: 21/21
 24166 | Spider:3 | Received a gift from Trog
 24191 | Spider:3 | Identified the +11 long sword of Bijadoi {slice, *Slow +Fly Str+3} (Trog gifted it to you on level 3 of the Spider Nest)
 24728 | Spider:4 | Entered Level 4 of the Spider Nest
 24812 | Spider:4 | Noticed Donald
 24831 | Spider:4 | Killed Donald
 24977 | Spider:4 | Received a gift from Trog
 25319 | Spider:4 | Noticed Arachne
 25372 | Spider:4 | Killed Arachne
 25487 | Spider:4 | Reached skill level 10 in Fighting
 25572 | Spider:4 | Received a gift from Trog
 25788 | Spider:4 | Reached skill level 17 in Long Blades
 26097 | Spider:4 | Reached XP level 17. HP: 131/131 MP: 0/22
 26337 | Spider:4 | Got a gossamer rune of Zot
 26484 | Shoals:1 | Entered Level 1 of the Shoals
 26547 | Shoals:1 | Received a gift from Trog
 26697 | Shoals:1 | Identified the +3 leather armour of Hadjma {Int+4 SInv Stlth+} (You found it on level 1 of the Shoals)
 26969 | Shoals:1 | Received a gift from Trog
 27435 | Shoals:2 | Received a gift from Trog
 27649 | Shoals:2 | Noticed a kraken
 27651 | Shoals:2 | Noticed a kraken
 27671 | Shoals:2 | Killed a kraken
 27688 | Shoals:2 | Killed a kraken
 27869 | Shoals:2 | Reached skill level 18 in Long Blades
 27895 | Shoals:2 | Received a gift from Trog
 29141 | Shoals:4 | Entered Level 4 of the Shoals
 29309 | Shoals:4 | Noticed Ilsuiw
 29431 | Shoals:4 | Received a gift from Trog
 29511 | Shoals:4 | Killed Ilsuiw
 29511 | Shoals:4 | Received a gift from Trog
 29522 | Shoals:4 | Reached skill level 19 in Long Blades
 29674 | Shoals:4 | Reached XP level 18. HP: 136/140 MP: 23/23
 30441 | Shoals:4 | Received a gift from Trog
 30531 | Shoals:4 | Got a barnacled rune of Zot
 30993 | Elf:1    | Entered Level 1 of the Elven Halls
 31015 | Elf:1    | Reached skill level 20 in Long Blades
 31088 | Elf:1    | Found a ruined gateway.
 31150 | Desolati | Entered the Desolation of Salt
 31468 | Desolati | Identified the ring "Conkeisk" {Ice Int+4} (You found it in the Desolation of Salt)
 31469 | Desolati | Identified the Grimoire of Fetching Benedictions
 31486 | Desolati | Received a gift from Trog
 31498 | Desolati | Identified the +4 falchion of Demonkind {drain, rF- MR+ Dex+4} (Trog gifted it to you in the Desolation of Salt)
 31538 | Desolati | Got a dazzling leather armour
 31924 | Desolati | Received a gift from Trog
 31926 | Desolati | Got a warped great sword {god gift}
 32038 | Desolati | Reached skill level 21 in Long Blades
 32230 | Desolati | Found the +5 scythe "Finisher" {speed, Str+3}
 32396 | Desolati | Identified the +6 great sword "Ciphy" {vamp, rElec} (Trog gifted it to you in the Desolation of Salt)
 32429 | Elf:1    | Received a gift from Trog
 32493 | Elf:1    | Reached XP level 19. HP: 103/146 MP: 24/24
 32714 | Elf:1    | Found Yjemoysial's General Store.
 32720 | Elf:1    | Bought a scroll of fog for 34 gold pieces
 33162 | Elf:1    | Received a gift from Trog
 33613 | Elf:2    | Received a gift from Trog
 33804 | Elf:2    | Identified the cursed +1 leather armour of Okawaru's Regard {rPois} (You found it in the Desolation of Salt)
 33919 | Elf:2    | Reached skill level 22 in Long Blades
 34074 | Elf:2    | Received a gift from Trog
 34114 | Elf:2    | Found a runed gate.
 34114 | Elf:2    | Found a runed gate.
 34115 | Elf:2    | Found a runed gate.
 34737 | Elf:2    | Noticed Asterion
 34750 | Elf:2    | Killed Asterion
 34758 | Elf:2    | Received a gift from Trog
 34961 | Elf:3    | Entered Level 3 of the Elven Halls
 35014 | Elf:3    | Found Xyimash's Magic Scroll Boutique.
 35024 | Elf:3    | Bought a scroll of teleportation for 54 gold pieces
 35024 | Elf:3    | Bought a scroll of teleportation for 54 gold pieces
 35024 | Elf:3    | Bought a scroll of fear for 63 gold pieces
 35024 | Elf:3    | Bought a scroll of blinking for 135 gold pieces
 35024 | Elf:3    | Bought a scroll of identify for 36 gold pieces
 35024 | Elf:3    | Bought a scroll of identify for 36 gold pieces
 35357 | Elf:3    | Noticed a Tzitzimitl
 35359 | Elf:3    | Noticed a Tzitzimitl
 35378 | Elf:3    | Received a gift from Trog
 35433 | Elf:3    | HP: 4/146 [deep elf sorcerer/bolt of acid (14)]
 35433 | Elf:3    | Splashed by a deep elf sorcerer's acid

Skill      XL: |  1  2  3  4  5  6  7  8  9 10 11 12 13 14 15 16 17 18 19 |
---------------+----------------------------------------------------------+-----
Long Blades    | 3 4 5 6 7 9 11 13 14 15 16 17 19 21 22 | 22.7
Armour         | 3 5 6 7 |  7.4
Dodging        | 3 5 6 7 |  7.4
Evocations     | 3 5 6 7 |  7.0
Fighting       | 4 6 7 8 11 12 | 12.2
Shields        | 3 4 |  4.0
Throwing       | 7 12 14 15 16 | 16.0
Stealth        | 1 |  1.0

Action                   |  1- 3 |  4- 6 |  7- 9 | 10-12 | 13-15 | 16-18 | 19-21 || total
-------------------------+-------+-------+-------+-------+-------+-------+-------++-------
Melee: Falchion          |    80 |   131 |   421 |   791 |       |       |       ||  1423
       Long sword        |       |       |       |    64 |   541 |       |       ||   605
       Short sword       |       |       |       |     5 |     3 |       |       ||     8
       Demon blade       |       |       |       |       |   977 |  1466 |       ||  2443
       Triple sword      |       |       |       |       |       |    35 |   297 ||   332
Throw: Tomahawk          |       |       |       |     9 |   347 |   164 |   170 ||   690
       Javelin           |       |       |       |       |     7 |   130 |    65 ||   202
Invok: Berserk           |       |     6 |    10 |    14 |    17 |    13 |     4 ||    64
       Trog's Hand       |       |     3 |     2 |     1 |     6 |     8 |     2 ||    22
       Brothers in Arms  |       |       |       |       |     5 |     5 |     2 ||    12
Evoke: Wand              |       |       |       |    25 |    66 |   193 |       ||   284
       Lamp of fire      |       |       |       |       |     2 |     5 |       ||     7
       Phantom mirror    |       |       |       |       |     1 |       |       ||     1
       Phial of floods   |       |       |       |       |     2 |     2 |       ||     4
       Box of beasts     |       |       |       |       |       |     1 |       ||     1
  Use: Scroll            |       |     7 |    10 |    11 |    17 |    14 |    16 ||    75
       Potion            |       |     3 |       |     2 |     3 |     6 |     4 ||    18
 Stab: Sleeping          |       |     6 |     7 |    22 |    14 |    17 |     8 ||    74
       Distracted        |       |       |     1 |     1 |     1 |     5 |     3 ||    11
       Confused          |       |       |       |     3 |       |     1 |       ||     4
       Invisible         |       |       |       |       |     6 |       |       ||     6
       Paralysed         |       |       |       |       |       |     6 |       ||     6
  Eat: Chunk             |     1 |    10 |    22 |    31 |    52 |    36 |    10 ||   162
       Ration            |       |       |       |     2 |     3 |     6 |     1 ||    12
Armor: Animal skin       |    20 |    17 |       |       |       |       |       ||    37
       Chain mail        |       |    14 |    42 |       |       |       |       ||    56
       Ring mail         |       |       |   150 |   266 |   455 |   747 |   151 ||  1769
Dodge: Dodged            |    60 |    83 |   173 |   339 |   653 |  1000 |   202 ||  2510
Block: Buckler           |       |       |       |   122 |   420 |   581 |       ||  1123
       Rpst.: Falchion   |    26 |    26 |    50 |    76 |       |       |       ||   178
       Long sword        |       |       |       |    12 |    61 |       |       ||    73
       Demon blade       |       |       |       |       |    94 |   182 |       ||   276
       Triple sword      |       |       |       |       |       |     9 |    31 ||    40
